 Dungeon Crawl Stone Soup version 0.21-a0-584-g185da8e (webtiles) character file.

6279 Amnesiac the Martial Artist (level 10, -13/69 HPs)
             Began as an Octopode Transmuter on Dec 20, 2017.
             Was a High Priest of Okawaru.
             Mangled by a troll (18 damage)
             ... on level 9 of the Dungeon.
             The game lasted 00:13:13 (8655 turns).

Amnesiac the Martial Artist (Octopode Transmuter)   Turns: 8655, Time: 00:13:14

Health: -13/69     AC:  1    Str: 11    XL:     10   Next: 94%
Magic:  14/14      EV: 18    Int: 16    God:    Okawaru [*****.]
Gold:   328        SH:  0    Dex: 20    Spells: 3/13 levels left

rFire    . . .     SeeInvis .     - Unarmed
rCold    . . .     Gourm    .   (no shield)
rNeg     + + .     Faith    .   (helmet restricted)
rPois    .         Spirit   .   (no amulet)
rElec    +         Reflect  .   m - ring of positive energy
rCorr    .         Harm     .   y - ring "Xeymeis" {rElec rN+ Str+2 Dex+4}
MR       .....                  d - ring of flight
Stlth    +++.......             (no ring)
HPRegen  0.21/turn              (no ring)
MPRegen  0.14/turn              (no ring)
                                (no ring)
                                (no ring)

@: no status effects
A: almost no armour, stealthy swim, amphibious, 8 rings, constrict 8, camouflage
1, gelatinous body 1
a: Heroism, Finesse, Renounce Religion, Evoke Flight


You were on level 9 of the Dungeon.
You worshipped Okawaru.
Okawaru was extremely pleased with you.
You were not hungry.

You visited 1 branch of the dungeon, and saw 10 of its levels.

You collected 328 gold pieces.

Inventory:

Missiles
 a - 161 arrows
 o - 16 poisoned needles
 s - 198 stones (quivered)
Armour
 i - a +0 buckler of cold resistance
Jewellery
 d - a ring of flight (on tentacle)
 m - a ring of positive energy (left tentacle)
 y - the ring "Xeymeis" (right tentacle) {rElec rN+ Str+2 Dex+4}
   (You found it on level 4 of the Dungeon)

   [ring of positive energy]

   It affects your strength (+2).
   It affects your dexterity (+4).
   It insulates you from electricity.
   It protects you from negative energy.
Wands
 r - a wand of random effects (13)
Scrolls
 e - a scroll of fog {!r, unknown}
 f - a scroll of random uselessness {!r, unknown}
 l - 2 scrolls of fear {!r, unknown}
 n - 9 scrolls of remove curse {!r}
 t - a scroll of noise {!r, unknown}
 u - 2 scrolls of enchant armour {!r, unknown}
 v - a scroll of enchant weapon {!r}
 z - 2 scrolls of teleportation {!r}
Potions
 g - 2 potions of magic {!q}
 h - a potion of brilliance {!q}
 j - a potion of heal wounds {!q}
 k - a potion of curing {!q}
 p - 3 potions of flight {!q}
 q - a potion of cancellation {!q}
 w - a potion of ambrosia {!q}
 A - a potion of mutation {!q}
 C - a potion of agility {!q}
Books
 b - a book of Changes

   Spells                             Type                      Level
   a - Beastly Appendage              Transmutation                1
   b - Sticks to Snakes               Transmutation                2
   c - Spider Form                    Transmutation/Poison         3
   d - Ice Form                       Ice/Transmutation            4
   e - Blade Hands                    Transmutation                5
Comestibles
 c - 21 rations
 x - 3 chunks of flesh


   Skills:
 + Level 6.9 Fighting
 + Level 7.0 Dodging
 * Level 10.0 Unarmed Combat
 - Level 2.0 Spellcasting
 + Level 7.0 Transmutations
 + Level 6.1 Invocations


You had 3 spell levels left.
You knew the following spells:

 Your Spells              Type           Power        Failure   Level  Hunger
a - Beastly Appendage     Tmut           ###...       1%          1    #......
b - Sticks to Snakes      Tmut           ###.....     1%          2    ###....
c - Ice Form              Ice/Tmut       ##......     43%         4    #####..
e - Spider Form           Tmut/Pois      ##........   14%         3    ###....


Dungeon Overview and Level Annotations

Branches:
Dungeon (10/15)            Temple (0/1) D:6            Lair (0/6) D:9
    Orc: D:9-12

Altars:
Gozag
Hepliaklqana
Nemelex Xobeh
Okawaru
Qazlal
Trog
Uskayaw
Yredelemnul

Shops:
D:4 (   D:8 [

Annotations:
D:8 mtoz's ghost, novice MiBe
D:10 Erolcha


Innate Abilities, Weirdness & Mutations

You cannot wear most types of armour.
You are very stealthy in the water. (Stealth+)
You are amphibious.
You can wear up to eight rings at the same time.
You can use your tentacles to constrict eight enemies at once.
Your skin changes colour to match your surroundings (Stealth+).
Your rubbery body absorbs attacks. (AC +1, EV +1)


Message History

You hit the orc.
The orc looks even sicker.
The orc is almost dead.
Your transformation has ended.
You kill the orc!
Okawaru accepts your kill. The orc completely misses you.
You tentacle-slap the orc. You grab the orc. You squeeze the orc.
You kill the orc!
Okawaru accepts your kill.
You barely miss the orc.
The orc warrior shouts!
You grab the orc. You squeeze the orc.
The orc is lightly wounded.
You constrict the orc.
You hear a shout!
The orc escapes!
The orc hits you but does no damage.
Casting: Spider Form
Confirm with . or Enter, or press ? or * to list all spells.
You turn into a venomous arachnid creature.
The orc completely misses you. The troll misses you.
The troll completely misses you. The troll closely misses you.
The orc misses you.
Unknown command.
Your transformation is almost over.
The troll bites you!
* * * LOW HITPOINT WARNING * * *
The troll claws you.
* * * LOW HITPOINT WARNING * * *
The troll claws you!
* * * LOW HITPOINT WARNING * * *
The orc completely misses you. The troll bites you.
* * * LOW HITPOINT WARNING * * *
The troll claws you!
* * * LOW HITPOINT WARNING * * *
The troll misses you. The orc completely misses you.
Your transformation has ended.
Your magical contamination has completely faded away.
A centaur zombie comes into view.
An orc comes into view. It is wielding a whip.
The orc moves out of view.
Found a robe.
The orc shouts!
The orc throws a tomahawk.
The tomahawk misses you.
The orc throws a tomahawk.
The tomahawk completely misses you.
Found a scale mail.
The orc zaps a wand.
You easily resist.
It is a wand of enslavement (16).
Okay, then.
Okay, then.
Okay, then.
Okay, then.
The orc zaps a wand.
Your will is overpowered!
You are confused.
Really quaff
k - 2 potions of curing {!q}?
You feel better. The troll bites you!
* * * LOW HITPOINT WARNING * * *
The troll claws you.
* * * LOW HITPOINT WARNING * * *
The troll claws you.
* * * LOW HITPOINT WARNING * * *
Okay, then.
The orc zaps a wand.
You easily resist.
The troll bites you!!
You die...

############### ####
........)...).# #..#
############).# #..#
########<.#############..##
..........@T...oo..........
...........................
...........##########......
#########.)# #......
###############..##########......
.................................
.........############.>..........
.........# #............
.........# #............


You could see a troll and 2 orcs.

Vanquished Creatures
  The ghost of Amnesiac the Transmogrifier, a novice OpTm of Okawaru (D:9)
  Pikel (D:5)
  A hornet (D:9)
  A hippogriff (D:8)
  Eustachio (D:5)
  5 yaks (D:9)
  A hungry ghost (D:10)
  Edmund (D:4)
  Duvessa (D:6)
  An orc warrior (D:9)
  A sky beast (D:7)
  3 slaves (D:5)
  3 ice beasts
  7 ogres
  2 black bears
  3 centaurs
  Blork the orc (D:5)
  A big kobold (D:9)
  5 bullfrogs
  Dowan (D:6)
  5 scorpions
  5 howler monkeys
  A crimson imp (D:7)
  A quasit (D:7)
  A bullfrog zombie (D:6)
  A bullfrog skeleton (D:5)
  4 hounds
  2 jellies
  7 orc priests
  4 gnoll shamans (D:7)
  5 orc wizards
  Crazy Yiuf (D:5)
  2 iguanas
  2 worker ants
  A hound zombie (D:6)
  A howler monkey zombie (D:5)
  A worker ant zombie (D:7)
  17 gnolls
  6 adders
  2 adder zombies
  An adder skeleton (D:5)
  2 worms
  2 dart slugs (D:2)
  6 leopard geckos
  29 orcs
  8 bats
  5 giant cockroaches
  10 goblins
  6 hobgoblins
  9 jackals
  A quokka (D:9)
  A ball python zombie (D:5)
  5 frilled lizards
  A giant cockroach zombie (D:5)
  A jackal skeleton (D:5)
  7 kobolds
  2 quokka skeletons
  6 rats
212 creatures vanquished.

Vanquished Creatures (others)
  A howler monkey (D:5)
  A frilled lizard (D:5)
  5 fungi (D:9)
  10 plants
17 creatures vanquished.

Grand Total: 229 creatures vanquished

Notes
Turn   | Place    | Note
-------+----------+-------------------------------------------
     0 | D:1      | Amnesiac the Octopode Transmuter began the quest for the Orb.
     0 | D:1      | Reached XP level 1. HP: 13/13 MP: 3/3
   186 | D:1      | Reached XP level 2. HP: 7/19 MP: 5/5
   285 | D:1      | Learned a level 2 spell: Sticks to Snakes
   612 | D:1      | Reached XP level 3. HP: 17/24 MP: 6/6
   982 | D:2      | Found a bloodstained altar of Trog.
   993 | D:2      | Learned a level 3 spell: Spider Form
  1174 | D:2      | Reached XP level 4. HP: 17/30 MP: 7/7
  1766 | D:3      | Reached XP level 5. HP: 32/35 MP: 2/8
  1770 | D:3      | Reached skill level 4 in Unarmed Combat
  1901 | D:3      | Found a stormy altar of Qazlal.
  1903 | D:3      | Found a hazy altar of Hepliaklqana.
  1905 | D:3      | Found a hide-covered altar of Uskayaw.
  1906 | D:3      | Found an opulent altar of Gozag.
  1908 | D:3      | Found a basalt altar of Yredelemnul.
  2539 | D:3      | Reached XP level 6. HP: 28/42 MP: 9/9
  3346 | D:4      | Found an iron altar of Okawaru.
  3355 | D:4      | Became a worshipper of Warmaster Okawaru
  3562 | D:4      | Reached skill level 5 in Unarmed Combat
  3644 | D:4      | Noticed Edmund
  3648 | D:4      | Reached XP level 7. HP: 37/46 MP: 6/10
  3672 | D:4      | Killed Edmund
  3719 | D:4      | Found a stormy altar of Qazlal.
  3758 | D:4      | Found Quack's Antique Weapon Emporium.
  3781 | D:4      | Reached * piety under Okawaru
  3876 | D:4      | Got a brightly glowing turquoise ring
  3901 | D:4      | Identified the ring "Xeymeis" {rElec rN+ Str+2 Dex+4} (You found it on level 4 of the Dungeon)
  4093 | D:5      | Entered Level 5 of the Dungeon
  4133 | D:5      | Noticed Pikel
  4152 | D:5      | Killed Pikel
  4152 | D:5      | Reached ** piety under Okawaru
  4152 | D:5      | Reached skill level 6 in Unarmed Combat
  4152 | D:5      | Reached XP level 8. HP: 37/54 MP: 8/11
  4824 | D:5      | Noticed Eustachio
  4841 | D:5      | Killed Eustachio
  4841 | D:5      | Reached skill level 7 in Unarmed Combat
  4848 | D:5      | Reached skill level 5 in Fighting
  4848 | D:5      | Reached skill level 5 in Dodging
  4848 | D:5      | Reached skill level 5 in Transmutations
  4905 | D:5      | Reached skill level 1 in Invocations
  4951 | D:5      | Noticed Blork the orc
  4959 | D:5      | Killed Blork the orc
  4959 | D:5      | Reached *** piety under Okawaru
  4965 | D:5      | Found a runed door.
  5055 | D:5      | Noticed Crazy Yiuf
  5061 | D:5      | Killed Crazy Yiuf
  5143 | D:6      | Reached XP level 9. HP: 61/61 MP: 8/12
  5150 | D:6      | Found a staircase to the Ecumenical Temple.
  5420 | D:6      | Learned a level 4 spell: Ice Form
  5569 | D:6      | Noticed Duvessa
  5569 | D:6      | Noticed Dowan
  5585 | D:6      | Killed Duvessa
  5596 | D:6      | Killed Dowan
  6370 | D:7      | Reached skill level 8 in Unarmed Combat
  6382 | D:7      | Reached **** piety under Okawaru
  6471 | D:7      | Got a crude hand axe {chop}
  6542 | D:7      | Identified the cursed +3 hand axe of Baudabes {chop, +Blink Dex+4} (You took it off a crimson imp on level 7 of the Dungeon)
  6740 | D:7      | Reached XP level 10. HP: 60/68 MP: 13/13
  7095 | D:7      | Got a steaming mace
  7148 | D:7      | Identified the +11 mace "Yrayvur" {crush, rF+} (You found it on level 7 of the Dungeon)
  7168 | D:8      | Noticed mtoz's ghost (novice MiBe)
  7177 | D:8      | Reached skill level 9 in Unarmed Combat
  7177 | D:8      | Reached skill level 5 in Invocations
  7184 | D:8      | Found Korr's Armour Emporium.
  7215 | D:9      | Reached ***** piety under Okawaru
  7422 | D:9      | Noticed Amnesiac's ghost (novice OpTm)
  7446 | D:9      | Noticed a two-headed ogre
  7451 | D:8      | Noticed a two-headed ogre
  7466 | D:9      | Found a sparkling altar of Nemelex Xobeh.
  7520 | D:9      | Noticed a two-headed ogre
  7586 | D:10     | Entered Level 10 of the Dungeon
  7603 | D:10     | Noticed Erolcha
  7923 | D:9      | Killed Amnesiac's ghost
  7923 | D:9      | Received a gift from Okawaru
  8320 | D:9      | Found a staircase to the Lair.
  8326 | D:9      | Reached skill level 10 in Unarmed Combat
  8578 | D:9      | HP: 2/69 [troll (7)]
  8635 | D:9      | HP: 1/69 [troll (6)]
  8655 | D:9      | Mangled by a troll

Vault maps used:
D:1:      evilmike_arrival_hilbert_curve
D:2:      bloody_trog, minmay_misc_feat_room, st_stairs_4, roderic_roman_lattice
D:3:      minitemple, first_ration
D:4:      okawaru_ov_weapons_minmay, serial_shops, kennysheep_mini,
          minivault_14, nicolae_qazlal_eye_of_the_storm, uniq_edmund
D:5:      uniq_eustachio, uniq_pikel, uniq_crazy_yiuf_cottage,
          uniq_blork_the_orc
D:6:      temple_hall, minmay_misc_feat_more_columns,
          wad_floor_pattern_untrapped, minivault_23, uniq_duvessa
D:7:      kennysheep_seaside_town
D:8:      serial_shops, shop, shop, nicolae_shop_waterfront,
          nicolae_shop_statue_plus, nicolae_shop_trees, the_bakery, fountainhead
D:9:      nicolae_overflow_hidden_temple, grunt_lair_entry_orc_guard_hut,
          special_room, uniq_erica
D:10:     worms_lemuel, uniq_erolcha

Skill      XL: |  1  2  3  4  5  6  7  8  9 10 |
---------------+-------------------------------+-----
Fighting       | 2 3 4 5 6 |  6.9
Unarmed Combat | 4 5 6 7 8 10 | 10.0
Dodging        | 3 4 5 6 7 |  7.0
Transmutations | 3 4 5 6 7 |  7.0
Invocations    | 3 4 6 |  6.1
Spellcasting   | |  2.0

Action                   |  1- 3 |  4- 6 |  7- 9 | 10-12 || total
-------------------------+-------+-------+-------+-------++-------
Melee: Unarmed           |    92 |   122 |   253 |   152 ||   619
       Constrict         |    23 |    27 |    32 |    18 ||   100
       Tentacles         |    12 |    17 |    30 |    24 ||    83
       Punch             |     2 |     5 |    18 |     9 ||    34
       Hand axe          |       |       |     3 |       ||     3
       Mace              |       |       |       |    39 ||    39
 Cast: Spider Form       |       |     6 |    18 |     5 ||    29
       Ice Form          |       |       |       |     2 ||     2
  Use: Scroll            |       |       |    14 |       ||    14
       Potion            |       |       |       |     4 ||     4
 Stab: Sleeping          |     5 |     3 |     8 |     2 ||    18
       Distracted        |       |       |     3 |       ||     3
  Eat: Chunk             |     1 |     9 |    10 |     8 ||    28
       Ration            |       |       |     1 |       ||     1
Armor: Skin              |    10 |     4 |     6 |    47 ||    67
Dodge: Dodged            |    74 |    80 |   173 |   142 ||   469

Table legend:
 A = Spawn XP
 B = Non-spawn XP
 C = Spawn XP percentage of total XP
 D = Spawn monster count
 E = Non-spawn monster count
 F = Spawn count percentage of total count
 G = Total turns spent on level
                    A         B        C        D         E        F      G
               +---------+---------+-------+---------+---------+-------+---------
         Total |       0 |    8970 |   0.0 |       0 |     209 |   0.0 |  8655
               +---------+---------+-------+---------+---------+-------+---------
           D:1 |       0 |      37 |   0.0 |       0 |      20 |   0.0 |   901
           D:2 |       0 |      59 |   0.0 |       0 |      26 |   0.0 |   671
           D:3 |       0 |     268 |   0.0 |       0 |      27 |   0.0 |  1348
           D:4 |       0 |     606 |   0.0 |       0 |      19 |   0.0 |  1173
           D:5 |       0 |    1373 |   0.0 |       0 |      19 |   0.0 |  1001
           D:6 |       0 |     986 |   0.0 |       0 |      23 |   0.0 |  1089
           D:7 |       0 |    1750 |   0.0 |       0 |      32 |   0.0 |   981
           D:8 |       0 |     259 |   0.0 |       0 |       1 |   0.0 |    40
           D:9 |       0 |    3414 |   0.0 |       0 |      40 |   0.0 |  1420
          D:10 |       0 |     218 |   0.0 |       0 |       2 |   0.0 |    31
               +---------+---------+-------+---------+---------+-------+---------
